 Dungeon Crawl Stone Soup version 0.31-a0-221-gbddc013574 (webtiles) character file.

Game seed: 11002279753048638452

173257 qw the Peltast (level 18, -10/119 HPs)
             Began as a Gargoyle Fighter on July 4, 2023.
             Was an Elder of Okawaru.
             Mangled by a naga warrior
             ... wielding a +0 war axe
              (21 damage)
             ... on level 4 of the Snake Pit.
             The game lasted 00:21:08 (30253 turns).

qw the Peltast (Gargoyle Fighter)                  Turns: 30253, Time: 00:21:09

Health: -10/119    AC: 48    Str: 27    XL:     18   Next: 5%
Magic:  25/25      EV: 12    Int: 13    God:    Okawaru [****..]
Gold:   36         SH: 21    Dex:  9    Spells: 17/17 levels left

rFire   . . .        i - +7 war axe (vamp)
rCold   + . .        B - +0 tower shield
rNeg    + + +        c - +4 plate armour {rC+}
rPois   inf          a - +2 helmet
rElec   +            H - +0 cloak
rCorr   .            y - +1 pair of gloves
SInv    +            s - +2 pair of boots
Will    +....        h - amulet "Himyodd" {rN++ Regen+ Int+3} Stlth
                     p - ring of see invisible
HPRegen 1.19/turn    z - +5 ring of evasion
MPRegen 0.19/turn

%: no passive effects
@: heroic, weakened, untranslocatable, flying, slowed, constricted, very slow
A: sickness immunity, AC +13, big wings, negative energy resistance 1,
electricity resistance, torment resistance 1, petrification resistance, subdued
magic 1
a: Renounce Religion, Heroism, Finesse


You were on level 4 of the Snake Pit.
You worshipped Okawaru.
Okawaru was greatly pleased with you.
You visited 6 branches of the dungeon, and saw 30 of its levels.
You visited 1 bazaar.
You also visited: Ossuary.

You collected 3001 gold pieces.
You spent 2965 gold pieces at shops.


Innate Abilities, Weirdness & Mutations

You are immune to sickness and miasma.
Your stone body is resilient. (AC +13)
You are immune to poison.
Your large and strong wings let you fly.
You resist negative energy. (rN+)
You are resistant to electric shocks. (rElec)
You are resistant to unholy torment.
You are immune to petrification.
Your spells are a little easier to cast, but a little less powerful.


   Skills:
 - Level 15.0(20.0) Fighting
 - Level 16.0(21.0) Axes
 - Level 7.1(12.1) Throwing
 + Level 14.3(19.3) Armour
 - Level 3.0(8.0) Dodging
 - Level 18.1(23.1) Shields
 - Level 10.0 Invocations


You had 17 spell levels left.
You didn't know any spells.
Your spell library was empty.

Inventory:

Hand Weapons
 i - a +7 vampiric war axe (weapon)
 v - a +4 heavy morningstar
 F - the +3 morningstar "Nanlid" {venom, rC+ Int+2}
   (You bought it in a shop on level 2 of the Orcish Mines)

   Int:       It affects your intelligence (+2).
   rC:        It protects you from cold.
 L - a +0 heavy broad axe
Missiles
 q - 36 boomerangs
 E - 10 javelins (quivered)
 G - 2 boomerangs of dispersal
Armour
 a - a +2 helmet (worn)
 c - a +4 plate armour of cold resistance (worn)
 o - the +2 helmet of the Evening Star {Rampage rElec rF- rN+}
   (You found it on level 7 of the Dungeon)

   rF:        It makes you vulnerable to fire.
   rElec:     It insulates you from electricity.
   rN:        It protects you from negative energy.
   Rampage:   It bestows one free step when moving towards enemies.
 s - a +2 pair of boots (worn)
 y - a +1 pair of gloves (worn)
 B - a +0 tower shield (worn)
 H - a +0 cloak (worn)
 K - a +4 plate armour of fire resistance
 N - a +2 tower shield of protection
Jewellery
 g - an amulet of reflection
 h - the amulet "Himyodd" (around neck) {rN++ Regen+ Int+3}
   (You acquired it on level 2 of the Lair of Beasts)

   [amulet of regeneration]

   Int:       It affects your intelligence (+3).
   rN:        It greatly protects you from negative energy.
   Regen:     It increases your rate of health regeneration.
 n - a ring of fire
 p - a ring of see invisible (left hand)
 r - a ring of protection from cold
 w - a ring of ice
 z - a +5 ring of evasion (right hand)
 I - a +6 ring of dexterity
 J - a ring of resist corrosion
 M - a +4 ring of slaying {mikee}
Wands
 C - a wand of digging (5)
Scrolls
 k - 20 scrolls of identify
 A - 8 scrolls of teleportation
Potions
 b - 9 potions of lignification
 d - 4 potions of might
 e - 3 potions of heal wounds
 f - 6 potions of haste
 j - 6 potions of curing
 l - 6 potions of attraction
 m - 5 potions of enlightenment
 t - 5 potions of resistance
 u - 4 potions of mutation
 x - a potion of cancellation
 D - 2 potions of magic

Dungeon Overview and Level Annotations

Branches:
Dungeon (15/15)            Temple (1/1) D:4            Lair (5/5) D:10
 Shoals (3/4) Lair:2        Snake (4/4) Lair:2        Slime (0/5) Lair:4
    Orc (2/2) D:12            Elf (0/3) Orc:2        Vaults (0/5) D:14
 Depths (0/4) D:15        Ossuary (visited)

Altars:
Ashenzari
Cheibriados
Dithmenos
Elyvilon
Fedhas
Gozag
Hepliaklqana
Kikubaaqudgha
Makhleb
Nemelex Xobeh
Okawaru
Qazlal
Ru
Sif Muna
Trog
Uskayaw
Vehumet
Wu Jian
Xom
Yredelemnul
Zin
The Shining One
Jiyva

Shops:
D:8 *   D:10 !   Orc:2 [(((   Shoals:1 ::((*   Shoals:2 ?   Snake:1 [==[
Snake:2 ([=*   Snake:3 *   Snake:4 !(

Annotations:
D:3 1 runed translucent door, Crazy Yiuf
Lair:2 1 runed translucent door, qw's ghost, journeyman GrFi
Lair:4 1 runed translucent door, qw's ghost, journeyman GrFi
Shoals:3 3 runed translucent doors
Snake:1 1 runed translucent door, Seits's ghost, adept MiFi


Message History

You hit the nagaraja but do no damage. You barely miss the naga warrior.
You hit the salamander but do no damage.
The nagaraja misses you. The nagaraja grabs you. The nagaraja constricts you.
The nagaraja hits you but does no damage.
The naga sharpshooter casts a spell.
The naga sharpshooter magically shoots an arrow.
You block the arrow.
The naga mage hits you but does no damage.
The salamander hits you but does no damage.
A naga sharpshooter comes into view. It is wielding a +0 long sword.
The naga warrior barely misses you. You block the salamander's attack.
The naga sharpshooter casts a spell.
The naga sharpshooter magically shoots an arrow.
The arrow hits you! The naga warrior closely misses you.
The nagaraja spits poison at you. The splash of poison misses you.
The splash of poison hits the naga warrior.
The nagaraja hits you but does no damage.
The nagaraja constricts you. You block the naga mage's attack.
The naga sharpshooter shouts!
You hear a shout!
30253 ||| DRINKING 4 potions of heal wounds.
You feel much better.
The naga sharpshooter no longer looks unusually strong. x2
The salamander no longer looks unusually strong.
The nagaraja hits you but does no damage.
The nagaraja constricts you. The nagaraja hits you with a +0 whip!
You block the naga mage's attack.
The salamander hits you with a +0 halberd!
You are engulfed in flames!
The naga sharpshooter gestures wildly while chanting.
The naga sharpshooter magically shoots an arrow.
You block the arrow.
The naga warrior hits you but does no damage.
The salamander closely misses you.
The naga sharpshooter casts a spell.
The naga sharpshooter magically shoots an arrow.
The arrow hits you but does no damage.
A naga mage comes into view.
It is wielding a +4 whip of electrocution.
The naga warrior hits you with a +0 war axe!!
You die...

.........#....)# ..
#........#..#..#
###..
#......).#..#..#
.#...
#.......)#).#..#
......
#........)..#..#
.....N
.........).#..# #..N.
#..........#.)##NS.#
#..?.......#.)N#NN.#
##.........##..N@NN.#
#........#####.)NN.##
#........#...#....##
#............##..##
#.............####.
#..................
...........########
...........#
...........#


You could see 2 nagarajas, 2 naga warriors, 3 naga sharpshooters, 2 salamanders,
a black mamba and 2 naga magi.

Vanquished Creatures
  Nikola (Shoals:1)
  A kraken (Shoals:1)
  2 nagarajas
  Aizul (Snake:1)
  2 orc warlords
  An ettin (Orc:2)
  A merfolk javelineer (Shoals:2)
  4 merfolk impalers
  A rakshasa (D:15)
  A fire dragon (Lair:5)
  2 salamander tyrants (Snake:4)
  Erolcha (D:9)
  4 hydras
  12 anacondas
  6 centaur warriors
  3 satyrs (Shoals:3)
  2 merfolk aquamancers (Shoals:3)
  A merfolk avatar (Shoals:2)
  4 two-headed ogres
  7 naga warriors
  9 naga sharpshooters
  Sonja (Lair:5)
  An orc high priest (Orc:2)
  5 death yaks (Lair:5)
  6 shock serpents
  5 skysharks
  4 skeletal warriors (D:12)
  A salamander mystic (Snake:4)
  9 sea snakes
  A swamp dragon (Lair:5)
  2 wizards (D:15)
  9 orc knights
  2 wolf spiders (Lair:5)
  9 mana vipers
  4 naga ritualists
  4 harpies (Shoals:1)
  2 deep elf pyromancers (D:15)
  11 manticores
  7 fauns
  3 orc sorcerers
  A necromancer (D:15)
  A deep elf zephyrmancer (D:15)
  13 salamanders
  4 ugly things
  10 cyclopes
  3 merfolk sirens
  34 black mambas
  8 naga magi
  6 elephants
  4 water nymphs
  4 guardian serpents
  15 cane toads
  A gargoyle (D:14)
  3 centaur skeletons (D:15)
  2 tengu conjurers (D:13)
  3 kobold demonologists
  A komodo dragon (shapeshifter) (D:15)
  11 komodo dragons
  7 rime drakes
  A redback zombie (D:15)
  An unseen horror (D:6)
  A freezing wraith (D:14)
  11 trolls
  23 merfolk
  A polar bear (shapeshifter) (D:14)
  2 polar bears (Lair:4)
  A meliai (D:9)
  7 saltlings (Orc:2)
  2 hornets (Lair:5)
  17 dream sheep
  Prince Ribbit (D:5)
  A wind drake (Shoals:3)
  12 blink frogs
  7 snapping turtles
  Sigmund (D:3)
  A culicivora (shapeshifter) (D:13)
  A spriggan (shapeshifter) (D:14)
  2 vampires (D:12)
  3 slime creatures (Lair:4)
  11 wyverns
  74 yaks
  2 wraiths
  2 shadows
  6 water elementals
  4 basilisks
  A death yak simulacrum (D:13)
  3 redbacks (Lair:5)
  3 steam dragons
  8 vampire mosquitoes
  3 wargs
  An acid dragon (Lair:5)
  31 nagas
  16 water moccasins
  A swamp drake (Lair:5)
  17 orc warriors
  4 black bears
  3 ice beasts
  6 wolves (Lair:5)
  9 ogres
  8 centaurs
  A phantom (D:7)
  5 kobold brigands
  An elf zombie (Ossuary)
  2 gnoll sergeants
  A scorpion (D:6)
  11 bullfrogs
  A cane toad simulacrum (D:13)
  10 wights
  22 killer bees
  4 electric eels (Snake:1)
  6 howler monkeys
  2 centaur zombies
  A lava snake (D:9)
  3 human zombies (Ossuary)
  4 gnoll boudas
  4 jellies
  16 orc priests
  5 hounds
  5 iguanas
  19 orc wizards
  A spriggan simulacrum (D:13)
  A wolf simulacrum (D:13)
  A troll simulacrum (D:13)
  2 hound zombies (Ossuary)
  3 mummies (Ossuary)
  Robin (D:3)
  24 gnolls
  8 adders
  3 naga simulacra (D:13)
  3 white imps
  3 adder zombies (Ossuary)
  A worm (D:3)
  7 dart slugs
  55 orcs
  9 endoplasms
  4 giant cockroaches
  2 gnoll zombies (Ossuary)
  20 goblins
  7 hobgoblins
  4 jackals (D:5)
  7 quokkas
  11 ball pythons
  4 bats
  2 frilled lizards
  A goblin zombie (Ossuary)
  6 hobgoblin zombies (Ossuary)
  A jackal zombie (Ossuary)
  27 kobolds
  2 kobold zombies (Ossuary)
  2 orc zombies (Ossuary)
  2 quokka zombies (Ossuary)
  7 rats
  4 rat zombies (Ossuary)
  A tentacle (Shoals:1)
951 creatures vanquished.

Vanquished Creatures (others)
  A satyr (Shoals:3)
  2 deep elf pyromancers
  A naga mage (Snake:4)
  A black mamba (shapeshifter) (D:14)
  A merfolk (Shoals:1)
  3 tentacles (Shoals:1)
9 creatures vanquished.

Grand Total: 960 creatures vanquished

Notes
Turn   | Place    | Note
-------+----------+-------------------------------------------
     0 | D:1      | qw the Gargoyle Fighter began the quest for the Orb.
     0 | D:1      | Reached XP level 1. HP: 14/14 MP: 1/1
     0 | D:1      | 0 ||| qw: Version: 0.3-a-40-ge99b1a8
     0 | D:1      | 0 ||| qw: Game counter: 640
     0 | D:1      | 0 ||| qw: Melee chars always use a shield: true
     0 | D:1      | 0 ||| qw: God list: Okawaru
     0 | D:1      | 0 ||| qw: Allow faded altars: false
     0 | D:1      | 0 ||| qw: Do Orc after clearing Dungeon:15 true
     0 | D:1      | 0 ||| qw: Do second Lair branch before Depths: true
     0 | D:1      | 0 ||| qw: Lair rune preference: random
     0 | D:1      | 0 ||| qw: Goals: Normal, Zot:1-4, Slime:5, God:TSO, Crypt,
                  | Tomb, Abyss, Pan, Hells, Win
     0 | D:1      | 0 ||| PLANNING D:1-11
   122 | D:1      | Reached XP level 2. HP: 19/19 MP: 2/2
   129 | D:1      | 129 ||| Stepping ~*~*~tactically~*~*~ (stealth).
   225 | D:1      | 225 ||| Stepping ~*~*~tactically~*~*~ (hiding).
   241 | D:1      | Reached skill level 3 in Axes
   293 | D:1      | Reached XP level 3. HP: 23/23 MP: 3/3
   682 | D:1      | 682 ||| Stepping ~*~*~tactically~*~*~ (stealth).
   683 | D:1      | 683 ||| Stepping ~*~*~tactically~*~*~ (stealth).
   818 | D:1      | 818 ||| UPGRADING to +0 chain mail.
   828 | D:1      | 828 ||| DROPPING +0 scale mail.
   829 | D:1      | 829 ||| DROPPING ring of wizardry.
   830 | D:1      | 830 ||| READING scroll labelled LIONTEFOYPO.
   831 | D:1      | 831 ||| READING scroll labelled WOMOMU WOAWOOS.
   832 | D:1      | 832 ||| READING scroll labelled ILAQIM OLUTU.
   835 | D:1      | 835 ||| DRINKING 2 glowing puce potions.
  1040 | D:2      | Reached XP level 4. HP: 28/28 MP: 4/4
  1047 | D:2      | Found a faded altar of an unknown god.
  1727 | D:2      | 1727 ||| UPGRADING to ring of see invisible.
  1728 | D:2      | 1728 ||| READING scroll labelled SEIGIO MOCYSI.
  1729 | D:2      | 1729 ||| READING scroll labelled YSTREI QISIG.
  1730 | D:2      | 1730 ||| READING 2 scrolls labelled COXOUTZAIMO.
  1731 | D:2      | 1731 ||| DRINKING 2 fizzy purple potions.
  1732 | D:2      | 1732 ||| DROPPING scroll of immolation.
  1762 | D:3      | Noticed Robin
  1776 | D:3      | Killed Robin
  1825 | D:3      | 1825 ||| Stepping ~*~*~tactically~*~*~ (hiding).
  1875 | D:3      | 1875 ||| Stepping ~*~*~tactically~*~*~ (hiding).
  2173 | D:3      | Found a runed translucent door.
  2174 | D:3      | Noticed Crazy Yiuf
  2249 | D:3      | Reached XP level 5. HP: 32/32 MP: 5/5
  2280 | D:3      | 2280 ||| Stepping ~*~*~tactically~*~*~ (stealth).
  2327 | D:3      | Found a hazy altar of Hepliaklqana.
  2330 | D:3      | 2330 ||| DROPPING +0 whip.
  2411 | D:3      | Noticed Sigmund
  2421 | D:3      | Killed Sigmund
  2422 | D:3      | Reached XP level 6. HP: 25/37 MP: 6/6
  2470 | D:3      | 2470 ||| Stepping ~*~*~tactically~*~*~ (hiding).
  3018 | D:3      | 3018 ||| UPGRADING to +0 helmet.
  3023 | D:3      | 3023 ||| UPGRADING to amulet of reflection.
  3028 | D:3      | 3028 ||| READING scroll labelled FYXTAR XEFEOBB.
  3029 | D:3      | 3029 ||| READING 2 scrolls of identify.
  3029 | D:3      | 3029 ||| IDENTIFYING fuming purple potion
  3097 | D:4      | 3097 ||| Stepping ~*~*~tactically~*~*~ (hiding).
  3134 | D:4      | Noticed a black bear
  3148 | D:4      | Killed a black bear
  3262 | D:4      | Noticed a black bear
  3265 | D:4      | Noticed an ice beast
  3267 | D:4      | Killed a black bear
  3268 | D:4      | Reached skill level 6 in Axes
  3268 | D:4      | Reached XP level 7. HP: 41/44 MP: 7/7
  3283 | D:4      | Reached skill level 1 in Dodging
  3371 | D:4      | 3371 ||| DROPPING +0 mace.
  3506 | D:4      | Found a staircase to the Ecumenical Temple.
  3507 | D:4      | 3507 ||| PLANNING TEMPLE
  3507 | D:4      | 3507 ||| READING scroll labelled SAXUAP WIRYGH.
  3508 | D:4      | 3508 ||| DRINKING 2 pink potions.
  3516 | Temple   | Entered the Ecumenical Temple
  3681 | Temple   | 3681 ||| PLANNING D:1-11
  3813 | D:4      | Found a glowing golden altar of the Shining One.
  3818 | D:4      | Found a glowing silver altar of Zin.
  3818 | D:4      | Found a shadowy altar of Dithmenos.
  3836 | D:4      | Found a snail-covered altar of Cheibriados.
  3839 | D:4      | Found a stormy altar of Qazlal.
  3861 | D:4      | 3861 ||| Stepping ~*~*~tactically~*~*~ (stealth).
  3863 | D:4      | 3863 ||| Stepping ~*~*~tactically~*~*~ (hiding).
  3866 | D:4      | 3866 ||| Stepping ~*~*~tactically~*~*~ (hiding).
  3867 | D:4      | 3867 ||| Stepping ~*~*~tactically~*~*~ (hiding).
  3868 | D:4      | 3868 ||| Stepping ~*~*~tactically~*~*~ (hiding).
  3869 | D:4      | 3869 ||| Stepping ~*~*~tactically~*~*~ (hiding).
  4012 | D:4      | 4012 ||| READING scroll labelled POAMA LEACUO.
  4013 | D:4      | Found a sacrificial altar of Ru.
  4103 | D:4      | Reached XP level 8. HP: 47/49 MP: 8/8
  4174 | D:5      | Entered Level 5 of the Dungeon
  4175 | D:5      | 4175 ||| PLANNING OSSUARY
  4201 | D:5      | 4201 ||| Stepping ~*~*~tactically~*~*~ (stealth).
  4242 | D:5      | 4242 ||| FLEEEEING.
  4251 | D:5      | 4251 ||| FLEEEEING.
  4252 | D:5      | 4252 ||| FLEEEEING.
  4253 | D:5      | 4253 ||| FLEEEEING.
  4254 | D:5      | 4254 ||| STAIRDANCE
  4336 | D:5      | 4336 ||| STAIRDANCE
  4394 | D:5      | Noticed Prince Ribbit
  4413 | D:5      | Killed Prince Ribbit
  4430 | D:5      | HP: 9/49 [orc priest/+0 hand axe (5)]
  4431 | D:5      | 4431 ||| READING scroll of teleportation.
  4695 | D:5      | Found a sand-covered staircase.
  4696 | D:5      | 4696 ||| DROPPING +6 ring of intelligence.
  4697 | D:5      | 4697 ||| READING 2 scrolls of identify.
  4697 | D:5      | 4697 ||| IDENTIFYING yellow potion
  4698 | D:5      | 4698 ||| DROPPING potion of berserk rage.
  4704 | Ossuary  | Entered an ossuary
  4733 | Ossuary  | Reached skill level 6 in Fighting
  5103 | D:5      | 5103 ||| PLANNING D:1-11
  5140 | D:5      | Found an opulent altar of Gozag.
  5227 | D:5      | Reached XP level 9. HP: 54/55 MP: 9/9
  5290 | D:5      | Reached skill level 9 in Axes
  5422 | D:5      | 5422 ||| Stepping ~*~*~tactically~*~*~ (hiding).
  5630 | D:5      | 5630 ||| READING 2 scrolls of identify.
  5630 | D:5      | 5630 ||| IDENTIFYING dark potion
  5790 | D:6      | Reached skill level 4 in Shields
  5877 | D:6      | 5877 ||| Stepping ~*~*~tactically~*~*~ (hiding).
  5879 | D:6      | 5879 ||| FLEEEEING.
  5880 | D:6      | 5880 ||| FLEEEEING.
  5881 | D:6      | 5881 ||| FLEEEEING.
  5882 | D:6      | 5882 ||| FLEEEEING.
  6039 | D:6      | Found an iron altar of Okawaru.
  6040 | D:6      | 6040 ||| PLANNING OKAWARU WORSHIP
  6071 | D:6      | 6071 ||| READING 3 scrolls of identify.
  6071 | D:6      | 6071 ||| IDENTIFYING gluggy blue potion
  6072 | D:6      | 6072 ||| READING 2 scrolls of identify.
  6072 | D:6      | 6072 ||| IDENTIFYING coppery potion
  6073 | D:6      | 6073 ||| DROPPING potion of brilliance.
  6097 | D:6      | Became a worshipper of Warmaster Okawaru
  6098 | D:6      | 6098 ||| PLANNING D:1-11
  6114 | D:6      | 6114 ||| Stepping ~*~*~tactically~*~*~ (stealth).
  6271 | D:6      | Reached skill level 1 in Throwing
  6582 | D:6      | Noticed an unseen horror
  6602 | D:6      | Killed an unseen horror
  6602 | D:6      | Reached * piety under Okawaru
  6735 | D:6      | 6735 ||| READING 2 scrolls labelled PUOPEI TOYCAL.
  6736 | D:6      | 6736 ||| DROPPING scroll of fear.
  6759 | D:7      | 6759 ||| INVOKING Heroism.
  6775 | D:7      | 6775 ||| DRINKING 2 potions of curing.
  6775 | D:7      | 6775 ||| (to cure confusion)
  6784 | D:7      | 6784 ||| INVOKING Heroism.
  6793 | D:7      | Reached XP level 10. HP: 37/63 MP: 7/10
  6912 | D:7      | Identified the +2 helmet of the Evening Star {Rampage rElec
                  | rF- rN+}
  6925 | D:7      | 6925 ||| Stepping ~*~*~tactically~*~*~ (hiding).
  6926 | D:7      | 6926 ||| Stepping ~*~*~tactically~*~*~ (hiding).
  6927 | D:7      | 6927 ||| Stepping ~*~*~tactically~*~*~ (hiding).
  6970 | D:7      | 6970 ||| Stepping ~*~*~tactically~*~*~ (hiding).
  6975 | D:7      | 6975 ||| INVOKING Heroism.
  7086 | D:7      | 7086 ||| Stepping ~*~*~tactically~*~*~ (hiding).
  7087 | D:7      | 7087 ||| Stepping ~*~*~tactically~*~*~ (hiding).
  7088 | D:7      | 7088 ||| Stepping ~*~*~tactically~*~*~ (hiding).
  7101 | D:7      | 7101 ||| Stepping ~*~*~tactically~*~*~ (stealth).
  7108 | D:7      | Reached skill level 1 in Invocations
  7122 | D:7      | 7122 ||| Stepping ~*~*~tactically~*~*~ (stealth).
  7126 | D:7      | 7126 ||| Stepping ~*~*~tactically~*~*~ (stealth).
  7306 | D:7      | 7306 ||| INVOKING Heroism.
  7308 | D:7      | Reached skill level 3 in Throwing
  7330 | D:7      | 7330 ||| Stepping ~*~*~tactically~*~*~ (stealth).
  7334 | D:7      | 7334 ||| INVOKING Heroism.
  7609 | D:7      | 7609 ||| READING 3 scrolls of identify.
  7609 | D:7      | 7609 ||| IDENTIFYING white potion
  7610 | D:7      | 7610 ||| READING 2 scrolls of identify.
  7610 | D:7      | 7610 ||| IDENTIFYING lumpy grey potion
  7611 | D:7      | 7611 ||| DROPPING potion of invisibility.
  7674 | D:8      | Found Tauh's General Store.
  7676 | D:8      | 7676 ||| INVOKING Heroism.
  7686 | D:8      | Reached skill level 5 in Shields
  7763 | D:8      | 7763 ||| READING scroll of enchant armour.
  7763 | D:8      | 7763 ||| ENCHANTING +0 helmet.
  7775 | D:8      | 7775 ||| Stepping ~*~*~tactically~*~*~ (stealth).
  7777 | D:8      | 7777 ||| Stepping ~*~*~tactically~*~*~ (hiding).
  7800 | D:8      | 7800 ||| Stepping ~*~*~tactically~*~*~ (stealth).
  7803 | D:8      | 7803 ||| Stepping ~*~*~tactically~*~*~ (hiding).
  7804 | D:8      | 7804 ||| Stepping ~*~*~tactically~*~*~ (stealth).
  7858 | D:8      | 7858 ||| INVOKING Heroism.
  7865 | D:8      | Reached skill level 3 in Invocations
  7876 | D:8      | 7876 ||| Stepping ~*~*~tactically~*~*~ (stealth).
  7886 | D:8      | 7886 ||| INVOKING Heroism.
  7892 | D:8      | 7892 ||| FLEEEEING.
  7894 | D:8      | 7894 ||| FLEEEEING.
  7917 | D:8      | 7917 ||| FLEEEEING.
  7922 | D:8      | 7922 ||| FLEEEEING.
  7924 | D:8      | 7924 ||| FLEEEEING.
  7925 | D:8      | 7925 ||| FLEEEEING.
  7926 | D:8      | 7926 ||| FLEEEEING.
  7928 | D:8      | 7928 ||| FLEEEEING.
  7929 | D:8      | 7929 ||| FLEEEEING.
  7930 | D:8      | 7930 ||| FLEEEEING.
  7931 | D:8      | 7931 ||| FLEEEEING.
  7932 | D:8      | 7932 ||| FLEEEEING.
  7933 | D:8      | 7933 ||| FLEEEEING.
  7934 | D:8      | 7934 ||| FLEEEEING.
  7936 | D:8      | 7936 ||| FLEEEEING.
  7937 | D:8      | 7937 ||| FLEEEEING.
  7938 | D:8      | 7938 ||| FLEEEEING.
  7943 | D:8      | 7943 ||| FLEEEEING.
  7944 | D:8      | 7944 ||| FLEEEEING.
  7945 | D:8      | 7945 ||| FLEEEEING.
  7946 | D:8      | 7946 ||| FLEEEEING.
  7947 | D:8      | 7947 ||| FLEEEEING.
  7948 | D:8      | 7948 ||| FLEEEEING.
  7949 | D:8      | 7949 ||| FLEEEEING.
  7950 | D:8      | 7950 ||| FLEEEEING.
  7951 | D:8      | 7951 ||| STAIRDANCE
  8054 | D:8      | 8054 ||| Stepping ~*~*~tactically~*~*~ (stealth).
  8410 | D:8      | 8410 ||| UPGRADING to +0 plate armour.
  8420 | D:8      | 8420 ||| DROPPING +0 chain mail.
  8421 | D:8      | 8421 ||| DROPPING amulet of guardian spirit.
  8422 | D:8      | 8422 ||| READING scroll labelled LIR ODWUHO.
  8526 | D:9      | Noticed Erolcha
  8527 | D:9      | 8527 ||| INVOKING Heroism.
  8532 | D:9      | Killed Erolcha
  8541 | D:9      | Reached skill level 6 in Armour
  8543 | D:9      | 8543 ||| STAIRDANCE
  8645 | D:9      | 8645 ||| Stepping ~*~*~tactically~*~*~ (hiding).
  8646 | D:9      | 8646 ||| Stepping ~*~*~tactically~*~*~ (hiding).
  8656 | D:9      | Reached ** piety under Okawaru
  8681 | D:9      | 8681 ||| Stepping ~*~*~tactically~*~*~ (hiding).
  8809 | D:9      | Noticed a cyclops
  8810 | D:9      | 8810 ||| Stepping ~*~*~tactically~*~*~ (hiding).
  8812 | D:9      | 8812 ||| INVOKING Heroism.
  8821 | D:9      | Killed a cyclops
  8822 | D:9      | Reached XP level 11. HP: 47/68 MP: 12/14
  8912 | D:9      | 8912 ||| INVOKING Heroism.
  9112 | D:9      | 9112 ||| INVOKING Heroism.
  9413 | D:9      | Noticed a deep elf pyromancer
  9414 | D:9      | 9414 ||| Stepping ~*~*~tactically~*~*~ (stealth).
  9424 | D:9      | 9424 ||| INVOKING Heroism.
  9425 | D:9      | HP: 15/69 [fire elemental[a deep elf pyromancer] (11)]
  9426 | D:9      | 9426 ||| READING scroll of teleportation.
  9426 | D:9      | Killed a deep elf pyromancer
  9427 | D:9      | Reached skill level 9 in Fighting
  9427 | D:9      | 9427 ||| FLEEEEING.
  9428 | D:9      | 9428 ||| FLEEEEING.
  9692 | D:9      | 9692 ||| Stepping ~*~*~tactically~*~*~ (stealth).
  9694 | D:9      | 9694 ||| Stepping ~*~*~tactically~*~*~ (stealth).
  9792 | D:9      | 9792 ||| UPGRADING to +1 pair of boots.
  9797 | D:9      | 9797 ||| READING 3 scrolls labelled XITZUEGHOPH.
  9798 | D:9      | 9798 ||| READING 4 scrolls of identify.
  9798 | D:9      | 9798 ||| IDENTIFYING fuming black potion
  9799 | D:9      | 9799 ||| DROPPING 2 scrolls of poison.
  9800 | D:9      | 9800 ||| DROPPING potion of ambrosia.
  9851 | D:10     | Entered Level 10 of the Dungeon
  9851 | D:10     | Found a staircase to the Lair.
  9875 | D:10     | 9875 ||| INVOKING Heroism.
 10054 | D:10     | 10054 ||| Stepping ~*~*~tactically~*~*~ (stealth).
 10056 | D:10     | 10056 ||| Stepping ~*~*~tactically~*~*~ (hiding).
 10061 | D:10     | 10061 ||| Stepping ~*~*~tactically~*~*~ (hiding).
 10227 | D:10     | 10227 ||| Stepping ~*~*~tactically~*~*~ (hiding).
 10228 | D:10     | 10228 ||| Stepping ~*~*~tactically~*~*~ (hiding).
 10237 | D:10     | Gained mutation: Your spells are a little easier to cast,
                  | but a little less powerful. [a neqoxec]
 10244 | D:10     | Noticed a soul eater
 10250 | D:10     | Noticed a soul eater
 10476 | D:10     | Found a bloodstained altar of Trog.
 10532 | D:10     | 10532 ||| INVOKING Heroism.
 10629 | D:10     | Found Vamezecei's Distillery.
 10637 | D:10     | 10637 ||| BUYING 2 potions of mutation (272 gold).
 10637 | D:10     | Bought 2 potions of mutation for 272 gold pieces
 10637 | D:10     | 10637 ||| BUYING potion of cancellation (136 gold).
 10637 | D:10     | Bought a potion of cancellation for 136 gold pieces
 10637 | D:10     | 10637 ||| BUYING potion of curing (51 gold).
 10637 | D:10     | Bought a potion of curing for 51 gold pieces
 10637 | D:10     | 10637 ||| BUYING potion of curing (51 gold).
 10637 | D:10     | Bought a potion of curing for 51 gold pieces
 10637 | D:10     | 10637 ||| BUYING potion of heal wounds (85 gold).
 10637 | D:10     | Bought a potion of heal wounds for 85 gold pieces
 10637 | D:10     | 10637 ||| SHOPLISTING potion of magic (136 gold, have 84).
 10637 | D:10     | 10637 ||| SHOPLISTING potion of mutation (136 gold, have
                  | 84).
 10728 | D:10     | 10728 ||| PLANNING LAIR
 10728 | D:10     | 10728 ||| READING scroll labelled ZOITI OZENIDI.
 10775 | Lair:1   | Entered Level 1 of the Lair of Beasts
 10776 | Lair:1   | 10776 ||| PLANNING GAUNTLET
 10806 | Lair:1   | 10806 ||| READING scroll of enchant armour.
 10806 | Lair:1   | 10806 ||| ENCHANTING +1 helmet.
 10824 | Lair:1   | 10824 ||| INVOKING Heroism.
 10830 | Lair:1   | Reached *** piety under Okawaru
 10835 | Lair:1   | Reached skill level 12 in Axes
 10944 | Lair:1   | 10944 ||| INVOKING Heroism.
 10948 | Lair:1   | Reached skill level 6 in Shields
 11002 | Lair:1   | 11002 ||| INVOKING Heroism.
 11124 | Lair:1   | 11124 ||| READING scroll of enchant armour.
 11124 | Lair:1   | 11124 ||| ENCHANTING +1 pair of boots.
 11168 | Lair:1   | Reached skill level 9 in Armour
 11230 | Lair:1   | 11230 ||| RIP GAUNTLET
 11242 | Lair:1   | 11242 ||| PLANNING LAIR
 11297 | Lair:1   | 11297 ||| INVOKING Heroism.
 11318 | Lair:1   | Reached **** piety under Okawaru
 11381 | Lair:1   | 11381 ||| Stepping ~*~*~tactically~*~*~ (stealth).
 11395 | Lair:1   | 11395 ||| INVOKING Heroism.
 11397 | Lair:1   | HP: 16/71 [yak (10)]
 11398 | Lair:1   | 11398 ||| DRINKING 2 potions of heal wounds.
 11407 | Lair:1   | Reached XP level 12. HP: 50/77 MP: 13/15
 11966 | Lair:2   | 11966 ||| STAIRDANCE
 11968 | Lair:1   | 11968 ||| INVOKING Heroism.
 12146 | Lair:2   | 12146 ||| READING scroll of enchant armour.
 12146 | Lair:2   | 12146 ||| ENCHANTING +0 plate armour.
 12158 | Lair:2   | 12158 ||| INVOKING Heroism.
 12220 | Lair:2   | Found a staircase to the Shoals.
 12270 | Lair:2   | 12270 ||| Stepping ~*~*~tactically~*~*~ (stealth).
 12278 | Lair:2   | Reached skill level 6 in Invocations
 12327 | Lair:2   | 12327 ||| FLEEEEING.
 12346 | Lair:2   | 12346 ||| Stepping ~*~*~tactically~*~*~ (hiding).
 12353 | Lair:2   | 12353 ||| INVOKING Heroism.
 12559 | Lair:2   | 12559 ||| INVOKING Heroism.
 12658 | Lair:2   | Found a runed translucent door.
 12659 | Lair:2   | Found a shimmering altar of Xom.
 12659 | Lair:2   | Noticed qw's ghost (journeyman GrFi)
 12659 | Lair:2   | Identified the +0 long sword of Debt {chaos, rPois Dex+2
                  | SInv}
 12672 | Lair:2   | Identified the +0 trident of Checks and Balances {freeze,
                  | MP-9 Str-5 Int+6 Stlth+}
 12784 | Lair:2   | 12784 ||| INVOKING Heroism.
 12806 | Lair:2   | Found a staircase to the Snake Pit.
 12983 | Lair:2   | 12983 ||| Stepping ~*~*~tactically~*~*~ (stealth).
 12987 | Lair:2   | 12987 ||| Stepping ~*~*~tactically~*~*~ (stealth).
 13012 | Lair:2   | 13012 ||| INVOKING Heroism.
 13017 | Lair:2   | Reached ***** piety under Okawaru
 13374 | Lair:2   | 13374 ||| DROPPING scarf of shadows.
 13375 | Lair:2   | 13375 ||| READING scroll labelled FULLEQ MARYA.
 13375 | Lair:2   | Identified a scroll of acquirement
 13375 | Lair:2   | 13375 ||| ACQUIRING amulet "Himyodd" {rN++ Regen+ Int+3}
 13375 | Lair:2   | Acquired the amulet "Himyodd" {rN++ Regen+ Int+3}
 13377 | Lair:2   | 13377 ||| UPGRADING to amulet "Himyodd" {rN++ Regen+
                  | Int+3}.
 13466 | Lair:3   | 13466 ||| INVOKING Heroism.
 13527 | Lair:3   | 13527 ||| Stepping ~*~*~tactically~*~*~ (stealth).
 13574 | Lair:3   | Reached skill level 9 in Invocations
 13664 | Lair:3   | 13664 ||| FLEEEEING.
 13665 | Lair:3   | 13665 ||| FLEEEEING.
 13666 | Lair:3   | 13666 ||| FLEEEEING.
 13667 | Lair:3   | 13667 ||| FLEEEEING.
 13668 | Lair:3   | 13668 ||| FLEEEEING.
 13669 | Lair:3   | 13669 ||| FLEEEEING.
 13670 | Lair:3   | 13670 ||| FLEEEEING.
 13671 | Lair:3   | 13671 ||| FLEEEEING.
 13672 | Lair:3   | 13672 ||| FLEEEEING.
 13673 | Lair:3   | 13673 ||| FLEEEEING.
 13674 | Lair:3   | 13674 ||| FLEEEEING.
 13692 | Lair:3   | Received a gift from Okawaru
 13696 | Lair:3   | 13696 ||| INVOKING Heroism.
 13701 | Lair:3   | Reached XP level 13. HP: 56/82 MP: 17/20
 13809 | Lair:3   | 13809 ||| INVOKING Heroism.
 13818 | Lair:3   | 13818 ||| Stepping ~*~*~tactically~*~*~ (stealth).
 13873 | Lair:3   | 13873 ||| Stepping ~*~*~tactically~*~*~ (stealth).
 13875 | Lair:3   | 13875 ||| INVOKING Heroism.
 13876 | Lair:3   | 13876 ||| Stepping ~*~*~tactically~*~*~ (stealth).
 14072 | Lair:3   | 14072 ||| INVOKING Heroism.
 14414 | Lair:3   | 14414 ||| UPGRADING to +1 pair of gloves.
 14499 | Lair:4   | Noticed qw's ghost (journeyman GrFi)
 14500 | Lair:4   | Found a runed translucent door.
 14509 | Lair:4   | 14509 ||| Stepping ~*~*~tactically~*~*~ (hiding).
 14510 | Lair:4   | 14510 ||| Stepping ~*~*~tactically~*~*~ (hiding).
 14569 | Lair:4   | 14569 ||| Stepping ~*~*~tactically~*~*~ (stealth).
 14571 | Lair:4   | 14571 ||| INVOKING Heroism.
 14577 | Lair:4   | 14577 ||| SWAPPING to +2 morningstar of protection.
 14585 | Lair:4   | 14585 ||| SWAPPING to +1 war axe.
 14632 | Lair:4   | Found a staircase to the Slime Pits.
 14632 | Lair:4   | Found a viscous altar of Jiyva.
 14693 | Lair:4   | 14693 ||| Stepping ~*~*~tactically~*~*~ (stealth).
 14700 | Lair:4   | 14700 ||| Stepping ~*~*~tactically~*~*~ (hiding).
 14701 | Lair:4   | 14701 ||| Stepping ~*~*~tactically~*~*~ (hiding).
 14720 | Lair:4   | 14720 ||| Stepping ~*~*~tactically~*~*~ (stealth).
 14990 | Lair:4   | 14990 ||| INVOKING Heroism.
 15051 | Lair:4   | 15051 ||| INVOKING Heroism.
 15122 | Lair:4   | 15122 ||| INVOKING Heroism.
 15181 | Lair:4   | 15181 ||| Stepping ~*~*~tactically~*~*~ (hiding).
 15182 | Lair:4   | 15182 ||| Stepping ~*~*~tactically~*~*~ (hiding).
 15418 | Lair:4   | 15418 ||| READING scroll labelled ICAZXI CUORY.
 15430 | Lair:5   | Entered Level 5 of the Lair of Beasts
 15433 | Lair:5   | 15433 ||| INVOKING Heroism.
 15440 | Lair:5   | 15440 ||| SWAPPING to +2 morningstar of protection.
 15453 | Lair:5   | 15453 ||| SWAPPING to +1 war axe.
 15461 | Lair:5   | 15461 ||| SWAPPING to +2 morningstar of protection.
 15465 | Lair:5   | 15465 ||| SWAPPING to +1 war axe.
 15471 | Lair:5   | 15471 ||| INVOKING Heroism.
 15488 | Lair:5   | Noticed Sonja
 15514 | Lair:5   | Killed Sonja
 15514 | Lair:5   | Received a gift from Okawaru
 15613 | Lair:5   | 15613 ||| Stepping ~*~*~tactically~*~*~ (stealth).
 15614 | Lair:5   | 15614 ||| INVOKING Heroism.
 15625 | Lair:5   | 15625 ||| Stepping ~*~*~tactically~*~*~ (stealth).
 15629 | Lair:5   | 15629 ||| SWAPPING to +2 morningstar of protection.
 15639 | Lair:5   | Reached skill level 7 in Shields
 15639 | Lair:5   | 15639 ||| SWAPPING to +1 war axe.
 15738 | Lair:5   | 15738 ||| Stepping ~*~*~tactically~*~*~ (hiding).
 15796 | Lair:5   | 15796 ||| Stepping ~*~*~tactically~*~*~ (stealth).
 15798 | Lair:5   | 15798 ||| INVOKING Heroism.
 15799 | Lair:5   | 15799 ||| Stepping ~*~*~tactically~*~*~ (stealth).
 15820 | Lair:5   | Received a gift from Okawaru
 15883 | Lair:5   | 15883 ||| Stepping ~*~*~tactically~*~*~ (stealth).
 15913 | Lair:5   | 15913 ||| INVOKING Heroism.
 15925 | Lair:5   | Gained mutation: Your large and strong wings let you fly.
                  | [Gargoyle growth]
 15925 | Lair:5   | Reached XP level 14. HP: 67/90 MP: 19/21
 15946 | Lair:5   | Reached skill level 15 in Axes
 16018 | Lair:5   | Received a gift from Okawaru
 16024 | Lair:5   | 16024 ||| INVOKING Heroism.
 16127 | Lair:5   | 16127 ||| Stepping ~*~*~tactically~*~*~ (stealth).
 16135 | Lair:5   | Received a gift from Okawaru
 16240 | Lair:5   | 16240 ||| INVOKING Heroism.
 16311 | Lair:5   | 16311 ||| Stepping ~*~*~tactically~*~*~ (stealth).
 16312 | Lair:5   | 16312 ||| INVOKING Heroism.
 16397 | Lair:5   | 16397 ||| Stepping ~*~*~tactically~*~*~ (hiding).
 16417 | Lair:5   | 16417 ||| Stepping ~*~*~tactically~*~*~ (stealth).
 16419 | Lair:5   | 16419 ||| Stepping ~*~*~tactically~*~*~ (hiding).
 16513 | Lair:5   | 16513 ||| Stepping ~*~*~tactically~*~*~ (stealth).
 16515 | Lair:5   | 16515 ||| Stepping ~*~*~tactically~*~*~ (hiding).
 16547 | Lair:5   | 16547 ||| Stepping ~*~*~tactically~*~*~ (stealth).
 16555 | Lair:5   | 16555 ||| INVOKING Heroism.
 16556 | Lair:5   | 16556 ||| INVOKING Finesse.
 16581 | Lair:5   | Reached skill level 6 in Throwing
 16649 | Lair:5   | 16649 ||| SWAPPING to +2 hand axe of flaming.
 16650 | Lair:5   | 16650 ||| DROPPING +2 morningstar of protection.
 16699 | Lair:5   | 16699 ||| Stepping ~*~*~tactically~*~*~ (stealth).
 16700 | Lair:5   | 16700 ||| INVOKING Heroism.
 16701 | Lair:5   | 16701 ||| INVOKING Finesse.
 16705 | Lair:5   | Received a gift from Okawaru
 16715 | Lair:5   | Reached skill level 12 in Fighting
 16815 | Lair:5   | Reached skill level 8 in Shields
 16849 | Lair:5   | 16849 ||| Stepping ~*~*~tactically~*~*~ (stealth).
 16942 | Lair:5   | 16942 ||| Stepping ~*~*~tactically~*~*~ (stealth).
 16943 | Lair:5   | 16943 ||| Stepping ~*~*~tactically~*~*~ (stealth).
 16950 | Lair:5   | Received a gift from Okawaru
 17117 | Lair:5   | 17117 ||| Stepping ~*~*~tactically~*~*~ (stealth).
 17222 | Lair:5   | 17222 ||| PLANNING D:1-11
 17222 | Lair:5   | 17222 ||| UPGRADING to +2 buckler of positive energy.
 17232 | Lair:5   | 17232 ||| DROPPING +0 buckler.
 17233 | Lair:5   | 17233 ||| DROPPING orb of mayhem.
 17234 | Lair:5   | 17234 ||| READING scroll labelled ASESMA YPPAU.
 17235 | Lair:5   | 17235 ||| SWAPPING to +1 war axe.
 17236 | Lair:5   | 17236 ||| DROPPING +2 hand axe of freezing.
 17307 | Lair:5   | 17307 ||| DROPPING +0 whip.
 17375 | Lair:5   | 17375 ||| DROPPING +0 mace.
 17376 | Lair:5   | 17376 ||| READING 6 scrolls of identify.
 17376 | Lair:5   | 17376 ||| IDENTIFYING metallic pink potion
 17654 | D:11     | Received a gift from Okawaru
 17700 | D:11     | 17700 ||| INVOKING Heroism.
 17864 | D:11     | 17864 ||| READING scroll of enchant weapon.
 17864 | D:11     | 17864 ||| ENCHANTING +1 war axe.
 18047 | D:11     | 18047 ||| Stepping ~*~*~tactically~*~*~ (hiding).
 18049 | D:11     | 18049 ||| Stepping ~*~*~tactically~*~*~ (hiding).
 18050 | D:11     | 18050 ||| Stepping ~*~*~tactically~*~*~ (hiding).
 18051 | D:11     | 18051 ||| Stepping ~*~*~tactically~*~*~ (hiding).
 18052 | D:11     | 18052 ||| Stepping ~*~*~tactically~*~*~ (hiding).
 18053 | D:11     | 18053 ||| Stepping ~*~*~tactically~*~*~ (hiding).
 18054 | D:11     | 18054 ||| Stepping ~*~*~tactically~*~*~ (hiding).
 18086 | D:11     | 18086 ||| Stepping ~*~*~tactically~*~*~ (stealth).
 18173 | D:11     | 18173 ||| Stepping ~*~*~tactically~*~*~ (hiding).
 18320 | D:11     | 18320 ||| DROPPING +0 flail.
 18607 | D:11     | 18607 ||| PLANNING D
 18607 | D:11     | 18607 ||| DROPPING +2 pair of boots.
 18608 | D:11     | 18608 ||| UPGRADING to +5 ring of evasion.
 18672 | D:12     | 18672 ||| INVOKING Heroism.
 18772 | D:12     | 18772 ||| Stepping ~*~*~tactically~*~*~ (hiding).
 18773 | D:12     | 18773 ||| Stepping ~*~*~tactically~*~*~ (hiding).
 18774 | D:12     | 18774 ||| Stepping ~*~*~tactically~*~*~ (hiding).
 18776 | D:12     | 18776 ||| Stepping ~*~*~tactically~*~*~ (hiding).
 18890 | D:12     | 18890 ||| DRINKING 4 potions of curing.
 18890 | D:12     | 18890 ||| (to cure confusion)
 18903 | D:12     | 18903 ||| READING scroll of brand weapon.
 18903 | D:12     | 18903 ||| BRANDING +2 war axe.
 18947 | D:12     | Found a staircase to the Orcish Mines.
 18970 | D:12     | 18970 ||| Stepping ~*~*~tactically~*~*~ (stealth).
 18972 | D:12     | 18972 ||| Stepping ~*~*~tactically~*~*~ (stealth).
 18973 | D:12     | 18973 ||| Stepping ~*~*~tactically~*~*~ (stealth).
 19034 | D:12     | 19034 ||| Stepping ~*~*~tactically~*~*~ (hiding).
 19090 | D:12     | 19090 ||| Stepping ~*~*~tactically~*~*~ (hiding).
 19106 | D:12     | Reached XP level 15. HP: 89/96 MP: 22/22
 19280 | D:12     | 19280 ||| Stepping ~*~*~tactically~*~*~ (hiding).
 19283 | D:12     | 19283 ||| Stepping ~*~*~tactically~*~*~ (hiding).
 19735 | D:13     | 19735 ||| Stepping ~*~*~tactically~*~*~ (hiding).
 19737 | D:13     | 19737 ||| Stepping ~*~*~tactically~*~*~ (hiding).
 19748 | D:13     | Received a gift from Okawaru
 19778 | D:13     | Found a frozen archway.
 19791 | D:13     | Identified the +2 ring mail of the Old World {rF++}
 19811 | D:13     | 19811 ||| Stepping ~*~*~tactically~*~*~ (hiding).
 19812 | D:13     | 19812 ||| Stepping ~*~*~tactically~*~*~ (hiding).
 19814 | D:13     | 19814 ||| Stepping ~*~*~tactically~*~*~ (hiding).
 19825 | D:13     | Reached skill level 3 in Dodging
 19932 | D:13     | 19932 ||| Stepping ~*~*~tactically~*~*~ (stealth).
 19939 | D:13     | Reached skill level 12 in Armour
 20187 | D:13     | 20187 ||| UPGRADING to +0 tower shield.
 20197 | D:13     | 20197 ||| DROPPING +2 buckler of positive energy.
 20242 | D:14     | 20242 ||| Stepping ~*~*~tactically~*~*~ (hiding).
 20259 | D:14     | 20259 ||| Stepping ~*~*~tactically~*~*~ (cloud).
 20267 | D:14     | 20267 ||| INVOKING Heroism.
 20281 | D:14     | Found a gate to the Vaults.
 20509 | D:14     | Received a gift from Okawaru
 20554 | D:14     | Reached skill level 9 in Shields
 20632 | D:14     | 20632 ||| Stepping ~*~*~tactically~*~*~ (hiding).
 20633 | D:14     | 20633 ||| Stepping ~*~*~tactically~*~*~ (hiding).
 20871 | D:15     | Entered Level 15 of the Dungeon
 20911 | D:15     | Received a gift from Okawaru
 20918 | D:15     | 20918 ||| READING scroll of enchant weapon.
 20918 | D:15     | 20918 ||| ENCHANTING +2 vampiric war axe.
 20949 | D:15     | 20949 ||| Stepping ~*~*~tactically~*~*~ (stealth).
 20951 | D:15     | 20951 ||| Stepping ~*~*~tactically~*~*~ (hiding).
 20957 | D:15     | 20957 ||| Stepping ~*~*~tactically~*~*~ (stealth).
 20962 | D:15     | 20962 ||| Stepping ~*~*~tactically~*~*~ (stealth).
 20963 | D:15     | 20963 ||| Stepping ~*~*~tactically~*~*~ (stealth).
 20964 | D:15     | 20964 ||| Stepping ~*~*~tactically~*~*~ (stealth).
 21165 | D:15     | Reached skill level 10 in Shields
 21169 | D:15     | 21169 ||| READING scroll of acquirement.
 21169 | D:15     | 21169 ||| ACQUIRING +6 ring of dexterity
 21169 | D:15     | Acquired a +6 ring of dexterity
 21299 | D:15     | 21299 ||| Stepping ~*~*~tactically~*~*~ (hiding).
 21300 | D:15     | 21300 ||| Stepping ~*~*~tactically~*~*~ (hiding).
 21302 | D:15     | 21302 ||| Stepping ~*~*~tactically~*~*~ (hiding).
 21350 | D:15     | 21350 ||| Stepping ~*~*~tactically~*~*~ (stealth).
 21351 | D:15     | 21351 ||| Stepping ~*~*~tactically~*~*~ (stealth).
 21352 | D:15     | 21352 ||| Stepping ~*~*~tactically~*~*~ (stealth).
 21358 | D:15     | Received a gift from Okawaru
 21369 | D:15     | Found a staircase to the Depths.
 21500 | D:15     | 21500 ||| Stepping ~*~*~tactically~*~*~ (hiding).
 21501 | D:15     | 21501 ||| Stepping ~*~*~tactically~*~*~ (hiding).
 21503 | D:15     | 21503 ||| Stepping ~*~*~tactically~*~*~ (hiding).
 21507 | D:15     | 21507 ||| INVOKING Heroism.
 21700 | D:15     | 21700 ||| PLANNING ORC
 21700 | D:15     | 21700 ||| UPGRADING to +0 cloak.
 21813 | Orc:1    | Entered Level 1 of the Orcish Mines
 21814 | Orc:1    | 21814 ||| INVOKING Heroism.
 21825 | Orc:1    | 21825 ||| STAIRDANCE
 21827 | D:12     | 21827 ||| DRINKING 4 potions of curing.
 21827 | D:12     | 21827 ||| (to cure confusion)
 21830 | D:12     | Reached skill level 11 in Shields
 21863 | Orc:1    | 21863 ||| DROPPING +0 war axe.
 21959 | Orc:1    | 21959 ||| INVOKING Heroism.
 21970 | Orc:1    | Noticed an orc warlord
 21971 | Orc:1    | 21971 ||| INVOKING Finesse.
 21972 | Orc:1    | 21972 ||| INVOKING Finesse.
 22009 | Orc:1    | 22009 ||| INVOKING Heroism.
 22019 | Orc:1    | Killed an orc warlord
 22332 | Orc:1    | 22332 ||| UPGRADING to +4 plate armour of cold resistance.
 22342 | Orc:1    | 22342 ||| DROPPING +1 plate armour.
 22343 | Orc:1    | 22343 ||| DROPPING +2 ring mail of the Old World {rF++}.
 22353 | Orc:2    | Entered Level 2 of the Orcish Mines
 22354 | Orc:2    | 22354 ||| PLANNING BAZAAR
 22405 | Orc:2    | 22405 ||| Stepping ~*~*~tactically~*~*~ (hiding).
 22407 | Orc:2    | 22407 ||| Stepping ~*~*~tactically~*~*~ (hiding).
 22409 | Orc:2    | Found a radiant altar of Vehumet.
 22410 | Orc:2    | 22410 ||| Stepping ~*~*~tactically~*~*~ (hiding).
 22453 | Orc:2    | Found a staircase to the Elven Halls.
 22464 | Orc:2    | 22464 ||| INVOKING Heroism.
 22480 | Orc:2    | 22480 ||| INVOKING Heroism.
 22486 | Orc:2    | Reached skill level 12 in Shields
 22584 | Orc:2    | 22584 ||| Stepping ~*~*~tactically~*~*~ (hiding).
 22586 | Orc:2    | 22586 ||| Stepping ~*~*~tactically~*~*~ (hiding).
 22587 | Orc:2    | 22587 ||| INVOKING Heroism.
 22594 | Orc:2    | 22594 ||| INVOKING Finesse.
 22681 | Orc:2    | 22681 ||| INVOKING Heroism.
 22682 | Orc:2    | 22682 ||| Stepping ~*~*~tactically~*~*~ (hiding).
 22720 | Orc:2    | Found Beapt's Weapon Emporium.
 22721 | Orc:2    | 22721 ||| Stepping ~*~*~tactically~*~*~ (stealth).
 22722 | Orc:2    | 22722 ||| DROPPING +2 war axe of venom.
 22723 | Orc:2    | 22723 ||| Stepping ~*~*~tactically~*~*~ (stealth).
 22725 | Orc:2    | 22725 ||| INVOKING Heroism.
 22764 | Orc:2    | Found Poromiaq's Weapon Boutique.
 22765 | Orc:2    | 22765 ||| INVOKING Heroism.
 22782 | Orc:2    | Reached skill level 13 in Shields
 22805 | Orc:2    | Found Kirr's Weapon Boutique.
 22811 | Orc:2    | 22811 ||| BUYING +3 morningstar "Nanlid" {venom, rC+ Int+2}
                  | (494 gold).
 22811 | Orc:2    | Bought the +3 morningstar "Nanlid" {venom, rC+ Int+2} for
                  | 494 gold pieces
 22811 | Orc:2    | 22811 ||| DROPPING +0 morningstar.
 22850 | Orc:2    | 22850 ||| INVOKING Heroism.
 22924 | Orc:2    | 22924 ||| Stepping ~*~*~tactically~*~*~ (stealth).
 22925 | Orc:2    | 22925 ||| Stepping ~*~*~tactically~*~*~ (stealth).
 23014 | Orc:2    | Found Unyrgh's Armour Shop.
 23014 | Orc:2    | Noticed an orc warlord
 23015 | Orc:2    | 23015 ||| INVOKING Heroism.
 23025 | Orc:2    | Reached XP level 16. HP: 101/101 MP: 21/23
 23046 | Orc:2    | 23046 ||| INVOKING Heroism.
 23066 | Orc:2    | 23066 ||| BUYING +3 chain mail of fire resistance (291
                  | gold).
 23066 | Orc:2    | Bought a +3 chain mail of fire resistance for 291 gold
                  | pieces
 23066 | Orc:2    | 23066 ||| BUYING +4 plate armour of fire resistance (550
                  | gold).
 23066 | Orc:2    | Bought a +4 plate armour of fire resistance for 550 gold
                  | pieces
 23098 | Orc:2    | Found a flickering gateway to a bazaar.
 23099 | Orc:2    | 23099 ||| DROPPING +0 fire dragon scales.
 23100 | Orc:2    | 23100 ||| DROPPING +3 chain mail of fire resistance.
 23109 | Bazaar   | Entered a bazaar
 23130 | Bazaar   | Found Acvudic's Assorted Antiques.
 23138 | Bazaar   | 23138 ||| BUYING glowing golden ring (110 gold).
 23138 | Bazaar   | Bought a glowing golden ring for 110 gold pieces
 23138 | Bazaar   | 23138 ||| BUYING potion of enlightenment (110 gold).
 23138 | Bazaar   | Bought a potion of enlightenment for 110 gold pieces
 23144 | Bazaar   | Found Cedaxat's Assorted Antiques.
 23172 | Bazaar   | Found Jollaomi's Book Shop.
 23186 | Bazaar   | Found Rad Muawakh's Antique Weapon Boutique.
 23200 | Bazaar   | Found Payc's Magic Scroll Shop.
 23208 | Bazaar   | 23208 ||| BUYING scroll of enchant weapon (52 gold).
 23208 | Bazaar   | Bought a scroll of enchant weapon for 52 gold pieces
 23208 | Bazaar   | 23208 ||| BUYING scroll of enchant weapon (52 gold).
 23208 | Bazaar   | Bought a scroll of enchant weapon for 52 gold pieces
 23208 | Bazaar   | 23208 ||| READING 2 scrolls of enchant weapon.
 23208 | Bazaar   | 23208 ||| ENCHANTING +3 vampiric war axe.
 23209 | Bazaar   | 23209 ||| READING scroll of enchant weapon.
 23209 | Bazaar   | 23209 ||| ENCHANTING +4 vampiric war axe.
 23223 | Bazaar   | 23223 ||| DROPPING ring of magical power.
 23227 | Orc:2    | 23227 ||| PLANNING ORC
 23283 | Orc:2    | 23283 ||| PLANNING SNAKE:1-3
 23436 | Snake:1  | Entered Level 1 of the Snake Pit
 23446 | Snake:1  | 23446 ||| Stepping ~*~*~tactically~*~*~ (hiding).
 23451 | Snake:1  | 23451 ||| Stepping ~*~*~tactically~*~*~ (hiding).
 23565 | Snake:1  | 23565 ||| Stepping ~*~*~tactically~*~*~ (stealth).
 23571 | Snake:1  | 23571 ||| Stepping ~*~*~tactically~*~*~ (stealth).
 23583 | Snake:1  | Received a gift from Okawaru
 23588 | Snake:1  | Reached skill level 14 in Shields
 23649 | Snake:1  | 23649 ||| Stepping ~*~*~tactically~*~*~ (hiding).
 23657 | Snake:1  | 23657 ||| INVOKING Heroism.
 23658 | Snake:1  | Found Ruqety's Jewellery Shop.
 23658 | Snake:1  | Found Vakk's Jewellery Boutique.
 23682 | Snake:1  | Found Ororetoa's Armour Shop.
 23684 | Snake:1  | Found Wuhilolu's Antique Armour Boutique.
 23689 | Snake:1  | 23689 ||| SHOPLISTING ring "Veitarr" {Ice +Blink rCorr
                  | Dex-4} (579 gold, have 121).
 23689 | Snake:1  | 23689 ||| SHOPLISTING ring of Sewatwue {Wiz Will+} (681
                  | gold, have 121).
 23689 | Snake:1  | 23689 ||| SHOPLISTING ring of protection from cold (400
                  | gold, have 121).
 23695 | Snake:1  | 23695 ||| SHOPLISTING +4 ring of slaying (1248 gold, have
                  | 121).
 23695 | Snake:1  | 23695 ||| SHOPLISTING ring "Qinut" {Fly rElec rC- rCorr
                  | Slay+2} (600 gold, have 121).
 23695 | Snake:1  | 23695 ||| SHOPLISTING ring of fire (400 gold, have 121).
 23695 | Snake:1  | 23695 ||| SHOPLISTING ring of willpower (400 gold, have
                  | 121).
 23927 | Snake:1  | 23927 ||| INVOKING Heroism.
 23929 | Snake:1  | 23929 ||| Stepping ~*~*~tactically~*~*~ (hiding).
 23976 | Snake:1  | 23976 ||| Stepping ~*~*~tactically~*~*~ (stealth).
 24015 | Snake:1  | Reached skill level 15 in Shields
 24188 | Snake:1  | 24188 ||| Stepping ~*~*~tactically~*~*~ (hiding).
 24189 | Snake:1  | 24189 ||| Stepping ~*~*~tactically~*~*~ (hiding).
 24367 | Snake:1  | Found a runed translucent door.
 24369 | Snake:1  | Noticed Seits's ghost (adept MiFi)
 24378 | Snake:1  | Noticed Aizul
 24379 | Snake:1  | 24379 ||| INVOKING Heroism.
 24380 | Snake:1  | 24380 ||| INVOKING Finesse.
 24397 | Snake:1  | Killed Aizul
 24567 | Snake:2  | Noticed a nagaraja
 24578 | Snake:2  | 24578 ||| INVOKING Heroism.
 24597 | Snake:2  | Killed a nagaraja
 24648 | Snake:2  | 24648 ||| Stepping ~*~*~tactically~*~*~ (hiding).
 24649 | Snake:2  | 24649 ||| Stepping ~*~*~tactically~*~*~ (hiding).
 24658 | Snake:2  | 24658 ||| Stepping ~*~*~tactically~*~*~ (hiding).
 24669 | Snake:2  | Reached skill level 16 in Shields
 24758 | Snake:2  | Found Zufeuzoz's General Store.
 24760 | Snake:2  | Found Gigaorah's Jewellery Shoppe.
 24762 | Snake:2  | Found Gagarral's Armour Emporium.
 24766 | Snake:2  | 24766 ||| BUYING potion of enlightenment (85 gold).
 24766 | Snake:2  | Bought a potion of enlightenment for 85 gold pieces
 24766 | Snake:2  | 24766 ||| BUYING scroll of teleportation (51 gold).
 24766 | Snake:2  | Bought a scroll of teleportation for 51 gold pieces
 24766 | Snake:2  | 24766 ||| BUYING scroll of teleportation (51 gold).
 24766 | Snake:2  | Bought a scroll of teleportation for 51 gold pieces
 24768 | Snake:2  | 24768 ||| SHOPLISTING +5 ring of evasion (504 gold, have
                  | 55).
 24768 | Snake:2  | 24768 ||| SHOPLISTING amulet of faith (560 gold, have 55).
 24768 | Snake:2  | 24768 ||| SHOPLISTING ring of fire (350 gold, have 55).
 24768 | Snake:2  | 24768 ||| SHOPLISTING ring of protection from fire (350
                  | gold, have 55).
 24770 | Snake:2  | 24770 ||| SHOPLISTING +2 cloak "Duzxyf" {rElec} (342 gold,
                  | have 55).
 24928 | Snake:2  | 24928 ||| INVOKING Heroism.
 25012 | Snake:2  | 25012 ||| Stepping ~*~*~tactically~*~*~ (stealth).
 25015 | Snake:2  | 25015 ||| Stepping ~*~*~tactically~*~*~ (stealth).
 25016 | Snake:2  | 25016 ||| Stepping ~*~*~tactically~*~*~ (stealth).
 25130 | Snake:2  | 25130 ||| INVOKING Heroism.
 25131 | Snake:2  | Received a gift from Okawaru
 25196 | Snake:2  | 25196 ||| Stepping ~*~*~tactically~*~*~ (hiding).
 25198 | Snake:2  | 25198 ||| Stepping ~*~*~tactically~*~*~ (hiding).
 25552 | Snake:2  | Found Zagoqad's Weapon Emporium.
 25560 | Snake:2  | 25560 ||| SHOPLISTING +2 morningstar of draining (288 gold,
                  | have 55).
 25893 | Snake:3  | 25893 ||| Stepping ~*~*~tactically~*~*~ (hiding).
 25907 | Snake:3  | Received a gift from Okawaru
 25915 | Snake:3  | Reached skill level 17 in Shields
 25948 | Snake:3  | 25948 ||| READING scroll of acquirement.
 25948 | Snake:3  | 25948 ||| ACQUIRING +0 heavy broad axe
 25948 | Snake:3  | Acquired a +0 heavy broad axe
 25950 | Snake:3  | 25950 ||| DROPPING +0 broad axe.
 25981 | Snake:3  | 25981 ||| Stepping ~*~*~tactically~*~*~ (hiding).
 25982 | Snake:3  | 25982 ||| Stepping ~*~*~tactically~*~*~ (hiding).
 26089 | Snake:3  | 26089 ||| Stepping ~*~*~tactically~*~*~ (hiding).
 26090 | Snake:3  | 26090 ||| Stepping ~*~*~tactically~*~*~ (hiding).
 26095 | Snake:3  | 26095 ||| Stepping ~*~*~tactically~*~*~ (hiding).
 26116 | Snake:3  | Found Edecsef's General Store.
 26130 | Snake:3  | 26130 ||| BUYING scroll of teleportation (48 gold).
 26130 | Snake:3  | Bought a scroll of teleportation for 48 gold pieces
 26174 | Snake:3  | 26174 ||| INVOKING Heroism.
 26771 | Snake:3  | 26771 ||| PLANNING SHOALS:1-3
 26894 | Shoals:1 | Entered Level 1 of the Shoals
 26894 | Shoals:1 | Found Anarossovil's Book Boutique.
 26917 | Shoals:1 | Noticed Nikola
 26918 | Shoals:1 | 26918 ||| INVOKING Heroism.
 26919 | Shoals:1 | 26919 ||| INVOKING Finesse.
 26936 | Shoals:1 | Killed Nikola
 26937 | Shoals:1 | Reached XP level 17. HP: 108/108 MP: 17/24
 26980 | Shoals:1 | Received a gift from Okawaru
 27062 | Shoals:1 | Found Tesol's Antique Weapon Shoppe.
 27074 | Shoals:1 | 27074 ||| READING scroll of enchant weapon.
 27074 | Shoals:1 | 27074 ||| ENCHANTING +5 vampiric war axe.
 27084 | Shoals:1 | Found Gimy's Book Shoppe.
 27201 | Shoals:1 | 27201 ||| INVOKING Heroism.
 27244 | Shoals:1 | Found Cera Siff's Antique Weapon Emporium.
 27260 | Shoals:1 | Found Anaisch's Assorted Antiques.
 27262 | Shoals:1 | 27262 ||| BUYING glowing morningstar (175 gold).
 27262 | Shoals:1 | Bought a glowing morningstar for 175 gold pieces
 27262 | Shoals:1 | 27262 ||| DROPPING +2 flail of holy wrath.
 27269 | Shoals:1 | 27269 ||| BUYING 2 grey potions (45 gold).
 27269 | Shoals:1 | Bought 2 grey potions for 45 gold pieces
 27269 | Shoals:1 | 27269 ||| SHOPLISTING dazzling plate armour (700 gold, have
                  | 19).
 27269 | Shoals:1 | 27269 ||| SHOPLISTING dented zirconium amulet (125 gold,
                  | have 19).
 27269 | Shoals:1 | 27269 ||| SHOPLISTING granite ring (125 gold, have 19).
 27269 | Shoals:1 | 27269 ||| SHOPLISTING potion of attraction (75 gold, have
                  | 19).
 27269 | Shoals:1 | 27269 ||| SHOPLISTING scroll labelled WAPUJUULI (25 gold,
                  | have 19).
 27269 | Shoals:1 | 27269 ||| SHOPLISTING steaming plate armour (700 gold, have
                  | 19).
 27298 | Shoals:1 | Noticed a kraken
 27307 | Shoals:1 | Killed a kraken
 27685 | Shoals:1 | 27685 ||| DRINKING 2 grey potions.
 27686 | Shoals:1 | 27686 ||| DROPPING potion of degeneration.
 27926 | Shoals:2 | 27926 ||| Stepping ~*~*~tactically~*~*~ (hiding).
 27928 | Shoals:2 | 27928 ||| INVOKING Heroism.
 27971 | Shoals:2 | 27971 ||| READING scroll of enchant weapon.
 27971 | Shoals:2 | 27971 ||| ENCHANTING +6 vampiric war axe.
 28006 | Shoals:2 | Found Cilaev's Magic Scroll Shop.
 28014 | Shoals:2 | 28014 ||| BUYING 2 scrolls of teleportation (96 gold).
 28014 | Shoals:2 | Bought 2 scrolls of teleportation for 96 gold pieces
 28014 | Shoals:2 | 28014 ||| SHOPLISTING scroll of enchant armour (120 gold,
                  | have 64).
 28014 | Shoals:2 | 28014 ||| SHOPLISTING scroll of enchant weapon (120 gold,
                  | have 64).
 28157 | Shoals:2 | 28157 ||| Stepping ~*~*~tactically~*~*~ (hiding).
 28159 | Shoals:2 | 28159 ||| INVOKING Heroism.
 28160 | Shoals:2 | 28160 ||| INVOKING Finesse.
 28252 | Shoals:2 | 28252 ||| INVOKING Heroism.
 28539 | Shoals:3 | 28539 ||| Stepping ~*~*~tactically~*~*~ (hiding).
 28576 | Shoals:3 | 28576 ||| Stepping ~*~*~tactically~*~*~ (hiding).
 28577 | Shoals:3 | 28577 ||| Stepping ~*~*~tactically~*~*~ (hiding).
 28675 | Shoals:3 | 28675 ||| INVOKING Heroism.
 28743 | Shoals:3 | 28743 ||| INVOKING Heroism.
 28909 | Shoals:3 | 28909 ||| INVOKING Heroism.
 28952 | Shoals:3 | Reached skill level 18 in Shields
 28973 | Shoals:3 | 28973 ||| INVOKING Heroism.
 28987 | Shoals:3 | 28987 ||| Stepping ~*~*~tactically~*~*~ (hiding).
 29146 | Shoals:3 | 29146 ||| Stepping ~*~*~tactically~*~*~ (hiding).
 29359 | Shoals:3 | Found a runed translucent gate.
 29359 | Shoals:3 | Found a runed translucent gate.
 29359 | Shoals:3 | Found a runed translucent gate.
 29530 | Shoals:3 | 29530 ||| PLANNING SNAKE:4
 29667 | Snake:4  | Entered Level 4 of the Snake Pit
 29679 | Snake:4  | 29679 ||| INVOKING Heroism.
 29779 | Snake:4  | 29779 ||| INVOKING Heroism.
 29800 | Snake:4  | Received a gift from Okawaru
 29817 | Snake:4  | 29817 ||| Stepping ~*~*~tactically~*~*~ (hiding).
 29819 | Snake:4  | 29819 ||| Stepping ~*~*~tactically~*~*~ (hiding).
 29821 | Snake:4  | 29821 ||| Stepping ~*~*~tactically~*~*~ (hiding).
 29822 | Snake:4  | 29822 ||| Stepping ~*~*~tactically~*~*~ (hiding).
 29823 | Snake:4  | 29823 ||| Stepping ~*~*~tactically~*~*~ (hiding).
 29824 | Snake:4  | 29824 ||| Stepping ~*~*~tactically~*~*~ (hiding).
 29826 | Snake:4  | 29826 ||| Stepping ~*~*~tactically~*~*~ (hiding).
 29827 | Snake:4  | 29827 ||| INVOKING Heroism.
 29939 | Snake:4  | 29939 ||| INVOKING Heroism.
 29980 | Snake:4  | Found Fump's Distillery.
 29985 | Snake:4  | 29985 ||| BUYING potion of attraction (60 gold).
 29985 | Snake:4  | Bought a potion of attraction for 60 gold pieces
 29985 | Snake:4  | 29985 ||| SHOPLISTING potion of cancellation (160 gold,
                  | have 136).
 29985 | Snake:4  | 29985 ||| SHOPLISTING potion of haste (200 gold, have 136).
 29985 | Snake:4  | 29985 ||| BUYING potion of heal wounds (100 gold).
 29985 | Snake:4  | Bought a potion of heal wounds for 100 gold pieces
 29985 | Snake:4  | 29985 ||| SHOPLISTING potion of heal wounds (100 gold, have
                  | 36).
 29985 | Snake:4  | 29985 ||| SHOPLISTING potion of might (80 gold, have 36).
 29985 | Snake:4  | 29985 ||| SHOPLISTING potion of mutation (160 gold, have
                  | 36).
 30039 | Snake:4  | 30039 ||| INVOKING Heroism.
 30053 | Snake:4  | HP: 21/112 [salamander/+4 spear (15)]
 30054 | Snake:4  | 30054 ||| READING 9 scrolls of teleportation.
 30055 | Snake:4  | 30055 ||| DRINKING 5 potions of heal wounds.
 30057 | Snake:4  | Found Higir's Antique Weapon Boutique.
 30157 | Snake:4  | Reached skill level 15 in Fighting
 30169 | Snake:4  | 30169 ||| Stepping ~*~*~tactically~*~*~ (hiding).
 30185 | Snake:4  | 30185 ||| Stepping ~*~*~tactically~*~*~ (hiding).
 30189 | Snake:4  | 30189 ||| INVOKING Heroism.
 30201 | Snake:4  | Reached XP level 18. HP: 119/119 MP: 23/25
 30240 | Snake:4  | 30240 ||| INVOKING Heroism.
 30252 | Snake:4  | HP: 20/119 [naga sharpshooter/arrow (13)]
 30253 | Snake:4  | 30253 ||| DRINKING 4 potions of heal wounds.
 30253 | Snake:4  | Mangled by a naga warrior

Levels and vault maps discovered:
D:1:      kennysheep_arrival_forest, layout_rooms, grunt_decor_clamped
D:2:      layout_loops_corners, hellmonk_ecumenical_altar_leap_of_faith,
          minmay_misc_feat_nine_boxes, minmay_circle_x
D:3:      layout_loops_corners, mainiacjoe_overflow_boulevard,
          uniq_crazy_yiuf_cottage, uniq_sigmund, uniq_robin
D:4:      layout_rooms, amcnicky_altar_gilded, minmay_overflow_temple_star_hex,
          minmay_temple_entry_crystal_x, minmay_misc_feat_alley
D:5:      layout_cave_pools, nicolae_gozag_cash_rules_everything_around_me,
          enter_ossuary_2, uniq_prince_ribbit1
D:6:      layout_basic, mainiacjoe_overflow_concentric_impassable
D:7:      layout_gridville
D:8:      nicolae_cairo_tiling, layout_rooms, kennysheep_windowed_goal
D:9:      kennysheep_big_flooded_room, layout_loops_ring, kennysheep_dice,
          uniq_erolcha
D:10:     layout_gridville, trog_book, lair_entry_dummy, serial_shops, shop,
          dreamdust_gnoll_shepherd
D:11:     layout_stronghold, david_defended_altar_orc
D:12:     layout_grid_maze, orc_0_dummy
D:13:     layout_rooms, portal_ice_cave_entry_ice_simulacra,
          serial_bayou_crossing
D:14:     layout_long_grid, david_vaults_2
D:15:     grunt_enter_depths_magical_seal, layout_loops_ring,
          dreamdust_wishing_well
Temple:   nicolae_temple_bog_church
Lair:1:   layout_cave_pods, gauntlet_entry_generic
Lair:2:   layout_gridlike, shoals_dummy_entry,
          minmay_snake_entry_guardpost_large, ebering_ghost_xom
Lair:3:   layout_small_grid, grunt_megastairs_3
Lair:4:   layout_concentric_octagons, minmay_slime_entry_pillars,
          hellmonk_ghost_happy_afterlife, minivault_11,
          chequers_serial_rivers_small_a
Lair:5:   guppyfry_lair_end_dragon, layout_loops_ring,
          hangedman_lair_tendril_chambers, st_stairs_3,
          nicolae_quartered_pool_medium, lemuel_old_faithful, uniq_sonja
Shoals:1: layout_shoals, serial_shops, shop_fountains, shop, shop_fountains,
          shop, shop, uniq_nikola
Shoals:2: layout_shoals, serial_shops, shop, nicolae_shoals_hunting_party
Shoals:3: layout_shoals, abandoned_shop, nicolae_shoals_beach_cooler
Snake:1:  layout_misc_corridors, gammafunk_ghost_grave,
          nicolae_snake_gridmaze_waves, minmay_snake_pond, minmay_shoptagon,
          serial_bayou_shore_a, uniq_aizul
Snake:2:  layout_chambers, serial_shops, nicolae_shop_gibbet_a_chance,
          minmay_shop_star
Snake:3:  layout_honeycomb, serial_shops, nicolae_shop_trees
Snake:4:  grunt_snake_rune_serpentine_throne, layout_cave_town, serial_shops,
          shop, shop, nicolae_shop_tiny_waterfront, shop, lemuel_fruit_tree
Orc:1:    layout_caves
Orc:2:    hellmonk_orc_salted, layout_caves, serial_shops, bzr_entry_lakeside,
          basic_altar

Skill      XL: |  1  2  3  4  5  6  7  8  9 10 11 12 13 14 15 16 17 |
---------------+----------------------------------------------------+-----
Axes           | 2 3 4 5 6 7 8 10 11 12 13 14 15 16 | 16.0
Fighting       | 4 5 6 7 8 10 11 12 13 15 | 15.0
Dodging        | 1 2 3 |  3.0
Armour         | 4 5 6 9 10 11 12 14 | 14.3
Shields        | 4 5 6 7 8 13 17 18 | 18.1
Throwing       | 2 3 4 6 7 |  7.1
Invocations    | 4 5 9 10 | 10.0

Action                     |  1- 3 |  4- 6 |  7- 9 | 10-12 | 13-15 | 16-18 || total
---------------------------+-------+-------+-------+-------+-------+-------++-------
  Melee: War axe           |    85 |   142 |   486 |   718 |  1344 |  1273 ||  4048
         Morningstar       |       |       |       |       |    29 |       ||    29
         Hand axe          |       |       |       |       |    74 |       ||    74
  Throw: Boomerang         |     5 |    16 |     6 |     2 |    84 |     9 ||   122
         Javelin           |       |       |    16 |   106 |   170 |    45 ||   337
 Invoke: Heroism           |       |       |     2 |    26 |    32 |    24 ||    84
         Finesse           |       |       |       |       |     4 |     3 ||     7
    Use: Scroll            |     3 |     5 |     8 |    12 |     7 |     6 ||    41
         Potion            |     1 |     1 |     2 |     1 |     2 |     3 ||    10
   Stab: Confused          |       |       |       |       |     2 |       ||     2
 Armour: Scale mail        |    33 |       |       |       |       |       ||    33
         Chain mail        |    14 |   116 |   243 |    82 |       |       ||   455
         Plate armour      |       |       |       |   396 |   816 |   559 ||  1771
  Dodge: Dodged            |    35 |    52 |   124 |   233 |   490 |   391 ||  1325
  Block: Buckler           |    11 |    22 |   187 |   329 |   234 |       ||   783
         Reflection        |       |       |     1 |     5 |       |       ||     6
         Tower shield      |       |       |       |       |   404 |  1178 ||  1582

Table legend:
 A = Non-vault XP
 B = Vault XP
 C = Vault XP percentage of total XP
 D = Non-vault monster count
 E = Vault monster count
 F = Vault count percentage of total count
                 A         B        C        D         E       F
            +---------+---------+-------+---------+---------+-------
      Total |  185957 |   61553 |  24.9 |     734 |     222 |  23.2
            +---------+---------+-------+---------+---------+-------
        D:1 |      77 |       0 |   0.0 |      32 |       0 |   0.0
        D:2 |      11 |      10 |  47.6 |       6 |       6 |  50.0
        D:3 |      68 |     265 |  79.6 |      24 |      14 |  36.8
        D:4 |     772 |       0 |   0.0 |      29 |       0 |   0.0
        D:5 |     670 |     268 |  28.6 |      21 |       1 |   4.5
        D:6 |    1739 |       0 |   0.0 |      30 |       0 |   0.0
        D:7 |    1641 |       0 |   0.0 |      41 |       0 |   0.0
        D:8 |    1216 |     176 |  12.6 |      26 |       3 |  10.3
        D:9 |    1927 |    2073 |  51.8 |      25 |       4 |  13.8
       D:10 |    1716 |     682 |  28.4 |      17 |       4 |  19.0
       D:11 |    3674 |     127 |   3.3 |      20 |       3 |  13.0
       D:12 |    8757 |       0 |   0.0 |      20 |       0 |   0.0
       D:13 |    4476 |     398 |   8.2 |      18 |       8 |  30.8
       D:14 |    5136 |     727 |  12.4 |      10 |       3 |  23.1
       D:15 |    4918 |    4550 |  48.1 |       8 |      10 |  55.6
     Lair:1 |    6031 |       0 |   0.0 |      24 |       0 |   0.0
     Lair:2 |    6337 |     648 |   9.3 |      29 |       4 |  12.1
     Lair:3 |    7608 |    1415 |  15.7 |      27 |       7 |  20.6
     Lair:4 |    3720 |     730 |  16.4 |      12 |       4 |  25.0
     Lair:5 |   21101 |   15082 |  41.7 |      66 |      49 |  42.6
   Shoals:1 |   12425 |    2380 |  16.1 |      23 |       1 |   4.2
   Shoals:2 |    5939 |    2789 |  32.0 |      12 |       5 |  29.4
   Shoals:3 |   20935 |       0 |   0.0 |      45 |       0 |   0.0
    Snake:1 |   13958 |    5553 |  28.5 |      34 |       8 |  19.0
    Snake:2 |   14923 |       0 |   0.0 |      28 |       0 |   0.0
    Snake:3 |   12771 |       0 |   0.0 |      25 |       0 |   0.0
    Snake:4 |   15651 |    8893 |  36.2 |      28 |      15 |  34.9
      Orc:1 |    4345 |       0 |   0.0 |      37 |       0 |   0.0
      Orc:2 |    3415 |   14381 |  80.8 |      17 |      40 |  70.2
    Ossuary |       0 |     406 | 100.0 |       0 |      33 | 100.0
            +---------+---------+-------+---------+---------+-------
